 Dungeon Crawl Stone Soup version 0.29.1-15-g9cfb28693d (webtiles) character file.

Game seed: 2056109321137580901

62 Ihaveafatcat the Ducker (level 3, -6/28 HPs)
             Began as a Demonspawn Gladiator on Mar 10, 2023.
             Mangled by an orc
             ... wielding the +10 quarterstaff of Death {pain, *Rage rElec rN+}
              (22 damage)
             ... on level 3 of the Dungeon on Mar 17, 2023.
             The game lasted 00:05:03 (2623 turns).

Ihaveafatcat the Ducker (Demonspawn Gladiator)      Turns: 2623, Time: 00:05:04

Health: -6/28      AC:  4    Str: 15    XL:     3   Next: 85%
Magic:  2/2        EV: 13    Int:  8    God:
Gold:   119        SH:  0    Dex: 18    Spells: 2/2 levels left

rFire   . . .      SeeInvis .   a - +0 war axe
rCold   . . .      Faith    .   (no shield)
rNeg    . . .      Spirit   .   b - +0 leather armour
rPois   .          Reflect  .   c - +0 helmet
rElec   .          Harm     .   (no cloak)
rCorr   .          Rampage  .   (no gloves)
Will    .....                   (no boots)
Stlth   +.........              (no amulet)
HPRegen 0.09/turn               (no ring)
MPRegen 0.08/turn               (no ring)

@: no status effects
A: demonic magic 2, agile 1, low MP 1, wild magic 1
a: no special abilities


You were on level 3 of the Dungeon.
You visited 1 branch of the dungeon, and saw 3 of its levels.

You collected 119 gold pieces.

Inventory:

Hand Weapons
 a - a +0 war axe (weapon)
Missiles
 d - 3 throwing nets (quivered)
 e - a javelin
Armour
 b - a +0 leather armour (worn)
 c - a +0 helmet (worn)
Jewellery
 i - a ring of protection from cold
 n - a ring of wizardry
Scrolls
 f - 3 scrolls of blinking {unknown}
 g - 4 scrolls of magic mapping {unknown}
 k - a scroll of identify {unknown}
 l - 3 scrolls of immolation {unknown}
 m - a scroll of noise {unknown}
 o - a scroll of teleportation {unknown}
Potions
 h - a potion of curing {unknown}
 j - 2 potions of heal wounds {unknown}


   Skills:
 + Level 2.6 Fighting
 + Level 3.2 Axes
 + Level 2.3 Throwing
 + Level 3.2 Dodging


You had 2 spell levels left.
You didn't know any spells.
Your spell library was empty.

Dungeon Overview and Level Annotations

Branches:
Dungeon (3/15)

Altars:
Qazlal


Innate Abilities, Weirdness & Mutations

Spells you cast may paralyse nearby enemies.
You are agile. (Dex +4, Str/Int -1)
Your magical capacity is low. (-10% MP)
Your spells are a little harder to cast, but a little more powerful.


Message History

Key pressed, stopping explore.
No target in view!
No target in view!
o - a scroll labelled QARCHO AFIVUXU No target in view!
You see here a +0 dagger.
You open the door.
You see here a +0 flail.
An orc comes into view.
It is wielding the +10 quarterstaff of Death {pain, *Rage rElec rN+}.
An orc is nearby!
An orc is nearby!
The orc closely misses you.
An orc is nearby!
You barely miss the orc.
The orc goes berserk!
The orc completely misses you.
An orc is nearby!
An orc is nearby!
You closely miss the orc. The orc completely misses you.
The orc barely misses you.
An orc comes into view. It is wielding a +0 whip.
The orc hits you with the +10 quarterstaff of Death {pain, *Rage rElec rN+}!
The orc shouts!
There are monsters nearby!
You are too injured to fight recklessly!
There are monsters nearby!
You are too injured to fight recklessly!
There are monsters nearby!
You are too injured to fight recklessly!
There are monsters nearby!
You are too injured to fight recklessly!
There are monsters nearby!
You are too injured to fight recklessly!
There are monsters nearby!
You are too injured to fight recklessly!
There are monsters nearby!
You are too injured to fight recklessly!
You hit the orc.
The orc is heavily wounded.
The orc hits you with the +10 quarterstaff of Death {pain, *Rage rElec rN+}!!
Ouch! That really hurt!
You die...

.#...............
.#.........##.....
...........##.....
.........#.##.....
####...###.#.##.....
.o........#.##.....
#.######..#.##.....
+.o.......#.#######
##@#.####.#.# #
+....#....#.# #
##.#.#.####.# #
+..#.#'####'### #
####...)......# #
#..........)..# #
#.##>.........# # #
#..........#
#..........#


You could see 2 orcs.

Vanquished Creatures
  A worm (D:3)
  2 dart slugs
  An orc (D:3)
  4 endoplasms (D:1)
  A giant cockroach (D:1)
  8 goblins
  6 hobgoblins
  4 jackals (D:1)
  A kobold (D:1)
  A quokka (D:1)
  6 ball pythons
  5 bats
  2 frilled lizards
  5 rats
47 creatures vanquished.

Notes
Turn   | Place    | Note
-------+----------+-------------------------------------------
     0 | D:1      | Ihaveafatcat the Demonspawn Gladiator began the quest for
                  | the Orb.
     0 | D:1      | Reached XP level 1. HP: 16/16 MP: 1/1
   135 | D:1      | Gained mutation: Spells you cast may paralyse adjacent
                  | enemies. [demonic ancestry]
   135 | D:1      | Reached XP level 2. HP: 16/22 MP: 2/2
   612 | D:1      | Gained mutation: Your spells are a little harder to cast,
                  | but a little more powerful. [potion of mutation]
   612 | D:1      | Gained mutation: Your magical capacity is low. (-10% MP)
                  | [potion of mutation]
   612 | D:1      | Gained mutation: You are agile. (Dex +4, Str/Int -1)
                  | [potion of mutation]
   614 | D:1      | Gained mutation: Spells you cast may paralyse nearby
                  | enemies. [demonic ancestry]
   614 | D:1      | Reached XP level 3. HP: 19/28 MP: 2/2
   810 | D:1      | Found a faded altar of an unknown god.
  1468 | D:2      | Found a stormy altar of Qazlal.
  2617 | D:3      | Identified the +10 quarterstaff of Death {pain, *Rage rElec
                  | rN+}
  2623 | D:3      | Mangled by an orc

Illustrated notes

Levels and vault maps discovered:
D:1:      ebering_hopf_link, layout_loops_ring,
          hellmonk_ecumenical_altar_run_dry, chequers_serial_rivers_small_b,
          st_stairs_5, corexii_corridor_pit
D:2:      layout_basic, basic_altar, minmay_misc_feat_roman,
          kennysheep_another_room
D:3:      layout_basic, ebering_ghost_gozag, uniq_crazy_yiuf_cottage

Skill      XL: |  1  2 |
---------------+-------+-----
Throwing       | 2 |  2.3
Dodging        | 3 |  3.2
Axes           | 3 |  3.2
Fighting       | |  2.6

Action                   || total
-------------------------++-------
Melee: War axe           ||   109
       Punch             ||     2
  Use: Potion            ||     1
 Stab: Sleeping          ||     3
Armor: Leather armour    ||    33
Dodge: Dodged            ||    91
